 Dungeon Crawl Stone Soup version 0.21.1-1-g345015f (webtiles) character file.

21 letownia3 the Magician (level 2, -4/19 HPs)
             Began as a Demonspawn Wizard on Feb 5, 2018.
             Killed by divine providence
             ... invoked by an orc priest
              (14 damage)
             ... on level 3 of the Dungeon.
             The game lasted 00:01:39 (1275 turns).

letownia3 the Magician (Demonspawn Wizard)          Turns: 1275, Time: 00:01:40

Health: -4/19      AC:  6    Str:  7    XL:     2   Next: 62%
Magic:  6/6        EV: 11    Int: 19    God:
Gold:   51         SH:  0    Dex: 11    Spells: 6/7 levels left

rFire    . . .     SeeInvis .   g - +1 hand axe (freeze)
rCold    . . .     Gourm    .   (no shield)
rNeg     . . .     Faith    .   f - +0 troll leather armour
rPois    .         Spirit   .   b - +0 hat
rElec    .         Reflect  .   (no cloak)
rCorr    .         Harm     .   (no gloves)
MR       .....                  (no boots)
Stlth    +.........             (no amulet)
HPRegen  0.46/turn              (no ring)
MPRegen  0.10/turn              (no ring)

@: no status effects
A: molten scales 1
a: no special abilities


You were on level 3 of the Dungeon.
You were not hungry.

You visited 1 branch of the dungeon, and saw 3 of its levels.

You collected 51 gold pieces.

Inventory:

Hand Weapons
 g - a +1 hand axe of freezing (weapon)
 j - a +0 blowgun
Armour
 a - a +0 robe
 b - a +0 hat (worn)
 f - a +0 troll leather armour (worn)
Scrolls
 e - 2 scrolls of teleportation {unknown}
Potions
 h - a potion of curing {unknown}
Books
 c - a book of Minor Magic

   Spells                             Type                      Level
   a - Magic Dart                     Conjuration                  1
   b - Blink                          Translocation                2
   c - Call Imp                       Summoning                    2
   d - Slow                           Hexes                        2
   e - Conjure Flame                  Conjuration/Fire             3
   f - Mephitic Cloud                 Conjuration/Poison/Air       3
Comestibles
 d - a ration
 i - a chunk of flesh


   Skills:
 - Level 1.7 Dodging
 - Level 1.7 Stealth
 - Level 3.0 Spellcasting
 + Level 2.7 Conjurations
   Level 1.0 Summonings
   Level 0.8 Translocations


You had 6 spell levels left.
You knew the following spells:

 Your Spells              Type           Power        Failure   Level  Hunger
a - Magic Dart            Conj           ##..         8%          1    None


Dungeon Overview and Level Annotations

Branches:
Dungeon (3/15)

Altars:


Innate Abilities, Weirdness & Mutations

You are partially covered in molten scales. (AC +2)


Message History

j - a blowgun An orc comes into view. It is wielding a flail.
The orc shouts!
You hear a shout!
You barely miss the orc priest.
The orc priest calls down the wrath of Beogh upon you.
Beogh smites you!
Ouch! That really hurt!
You hit the orc priest. You freeze the orc priest.
The orc priest is moderately wounded.
The orc priest barely misses you.
You barely miss the orc priest.
The orc priest is moderately wounded.
You barely miss the orc. The orc priest misses you. The orc misses you.
You hit the orc priest. You freeze the orc priest.
The orc priest is severely wounded.
You closely miss the orc.
The orc priest invokes the aid of Beogh against you.
Beogh smites you!
Ouch! That really hurt!
You die...

..# #..#.# ##.#.# #
#.#.# #... #########
#...#.#...
#.......######..#.....
+.................#..
#...............###..
#....?...........##.#+
#..ro@...........##.#.
#..oo............##.#.
#.......###......)....
..........# #....#..#.#.
....#...... #....##.#.#.
....#.......#....##.#.##
... #.......#....##...#.
.. #.......#....###..##
#........>..


You could see an orc priest, 2 orcs and a rat.

Vanquished Creatures
  A dart slug (D:1)
  2 giant cockroaches (D:3)
  3 goblins
  4 hobgoblins
  A quokka (D:2)
  3 bats
  A frilled lizard (D:1)
  A kobold (D:1)
16 creatures vanquished.

Notes
Turn   | Place    | Note
-------+----------+-------------------------------------------
     0 | D:1      | letownia3 the Demonspawn Wizard began the quest for the Orb.
     0 | D:1      | Reached XP level 1. HP: 13/13 MP: 4/4
   595 | D:2      | Gained mutation: You are partially covered in molten scales. (AC +2) [demonic ancestry]
   595 | D:2      | Reached XP level 2. HP: 19/19 MP: 3/6
  1275 | D:3      | Killed from afar by an orc priest

Skill      XL: |  1 |
---------------+----+-----
Conjurations   | 2 |  2.7
Dodging        | |  1.7
Stealth        | |  1.7
Spellcasting   | |  3.0
Summonings     | |  1.0
Translocations | |  0.8

Action                   || total
-------------------------++-------
Melee: Unarmed           ||     5
       Hand axe          ||     4
 Cast: Magic Dart        ||    37
  Eat: Chunk             ||     1
Armor: Robe              ||     1
Dodge: Dodged            ||     9
